 Dungeon Crawl Stone Soup version 0.30-a0-728-gc68057be0a (webtiles) character file.

Game seed: 13961331387556597256

105 Hubris850 the Shooter (level 5, -1/32 HPs)
             Began as a Kobold Hunter on Jan 31, 2023.
             Was an Initiate of Dithmenos.
             Killed by nerve-wracking pain
             ... invoked by Grinder
              (9 damage)
             ... on level 3 of the Dungeon.
             The game lasted 00:04:46 (3016 turns).

Hubris850 the Shooter (Kobold Hunter)               Turns: 3016, Time: 00:04:47

Health: -1/32      AC:  6    Str:  9    XL:     5   Next: 8%
Magic:  5/5        EV: 15    Int: 10    God:    Dithmenos [......]
Gold:   130        SH:  0    Dex: 22    Spells: 4/4 levels left

rFire   . . .      SeeInvis .    b - +9 whip of Honour {elec, rC+ Dex+2}
rCold   + . .      Faith    .    (no shield)
rNeg    . . .      Spirit   .    f - +2 leather armour {rPois}
rPois   +          Reflect  .    (no helmet)
rElec   .          Harm     .    (no cloak)
rCorr   .          Rampage  .    (no gloves)
Will    .....                    t - +0 pair of boots
Stlth   ++++                     (no amulet)
HPRegen 0.25/turn                (no ring)
MPRegen 0.09/turn                (no ring)

@: no status effects
A: small, no large weapons, nightstalker 3
a: Renounce Religion


You were on level 3 of the Dungeon.
You worshipped Dithmenos.
Dithmenos was noncommittal.
You visited 1 branch of the dungeon, and saw 3 of its levels.

You collected 130 gold pieces.

Inventory:

Hand Weapons
 a - a +0 shortbow
 b - the +9 whip of Honour (weapon) {elec, rC+ Dex+2}
   (You found it on level 3 of the Dungeon)

   Dex:       It affects your dexterity (+2).
   rC:        It protects you from cold.
Missiles
 v - 8 poisoned darts
Armour
 c - a +0 leather armour
 f - a +2 leather armour of poison resistance (worn)
 l - a +0 pair of boots
 t - a +0 pair of boots (worn)
Scrolls
 g - 2 scrolls of teleportation {unknown}
 i - 5 scrolls of identify {unknown}
 n - a scroll of amnesia {unknown}
 o - a scroll of fog {unknown}
 r - a scroll of blinking {unknown}
 s - 2 scrolls of immolation
 u - a scroll of magic mapping {unknown}
Potions
 d - 2 potions of ambrosia {unknown}
 e - a potion of resistance {unknown}
 h - a potion of might {unknown}
 j - a potion of lignification {unknown}
 k - 2 potions of degeneration {unknown}
 m - 2 potions of cancellation {unknown}
 p - a potion of berserk rage {unknown}
 q - 2 potions of curing {unknown}


   Skills:
 - Level 3.0 Fighting
 + Level 6.7 Ranged Weapons
 - Level 3.2 Dodging
 - Level 3.0 Stealth


You had 4 spell levels left.
You didn't know any spells.
Your spell library contained the following spells:

 Spells                   Type           Power      Damage    Failure   Level
 Sublimation of Blood     Necr           0%         N/A       63%         2
 Wereblood                Tmut           0%         N/A       63%         2
 Summon Hydra             Summ           0%         N/A       100%        7


Dungeon Overview and Level Annotations

Branches:
Dungeon (3/15)

Altars:
Dithmenos
Hepliaklqana
Kikubaaqudgha
Makhleb
Trog
Wu Jian
Xom

Shops:
D:3 !

Annotations:
D:3 Grinder


Innate Abilities, Weirdness & Mutations

You are small and have problems with some larger weapons.
You are completely attuned to the shadows.


Message History

You shoot an arrow. The arrow closely misses Grinder.
You feel agile.
You hear the crackle of electricity.
b - the +9 whip of Honour (weapon)
{elec, rC+ Dex+2} You whack Grinder!
Grinder is moderately wounded.
Grinder closely misses you.
You whack Grinder!
Grinder is severely wounded.
Grinder gestures at you.
You suddenly lose the ability to move!
Grinder drinks a potion.
Grinder flickers and vanishes!
Deactivating autopickup; reactivate with Ctrl-A.
Something hits you but does no damage. Something hits you.
You writhe in agony.
You can move again.
Unknown command.
Unknown command.
Unknown command.
You closely miss something.
Something tries to affect you, but you resist.
You hit something. You barely miss something.
You suddenly lose the ability to move!
Pain shoots through your body!
You can move again.
You start resting.
You suddenly lose the ability to move!
You shrug off the repeated paralysis!
Something hits you.
* * * LOW HITPOINT WARNING * * *
You writhe in agony.
* * * LOW HITPOINT WARNING * * *
You can move again.
Unknown command.
Unknown command.
You whack something!
Something tries to affect you, but you resist.
Pain shoots through your body!
You die...

#'#......###...###
#.###......###...#
#...###......###.#
##....###......#'#
#..#..†.###......###
#.##.##†..###......#
#.#..#..#...###..#.#
##################.#
#....@.......#
....#######.## ....
#.# ...# ###.## #.#
#....# #.#..# #.#..#
#.#..# #....#


There were no monsters in sight!

Vanquished Creatures
  Jessica (D:2)
  2 adders
  2 dart slugs
  An orc (D:3)
  8 bats
  An endoplasm (D:2)
  3 giant cockroaches
  6 goblins
  6 hobgoblins
  4 quokkas
  7 ball pythons
  5 frilled lizards
  4 kobolds
  5 rats
55 creatures vanquished.

Vanquished Creatures (others)
  A fungus (D:1)
1 creature vanquished.

Grand Total: 56 creatures vanquished

Notes
Turn   | Place    | Note
-------+----------+-------------------------------------------
     0 | D:1      | Hubris850 the Kobold Hunter began the quest for the Orb.
     0 | D:1      | Reached XP level 1. HP: 12/12 MP: 1/1
   106 | D:1      | Reached XP level 2. HP: 18/18 MP: 2/2
   813 | D:1      | Reached XP level 3. HP: 22/22 MP: 3/3
  1175 | D:2      | Noticed Jessica
  1176 | D:2      | Killed Jessica
  1177 | D:2      | Reached XP level 4. HP: 27/27 MP: 4/4
  1383 | D:2      | Found a faded altar of an unknown god.
  1537 | D:2      | Reached skill level 6 in Ranged Weapons
  2198 | D:3      | Found Peveoppi's Distillery.
  2210 | D:3      | Found a burning altar of Makhleb.
  2272 | D:3      | Found an ancient bone altar of Kikubaaqudgha.
  2274 | D:3      | Found a bloodstained altar of Trog.
  2274 | D:3      | Found a shimmering altar of Xom.
  2276 | D:3      | Found a shadowy altar of Dithmenos.
  2276 | D:3      | Found a hazy altar of Hepliaklqana.
  2276 | D:3      | Found an ornate altar of the Wu Jian Council.
  2287 | D:3      | Became a worshipper of Dithmenos the Shadowed
  2532 | D:3      | Identified the +9 whip of Honour {elec, rC+ Dex+2}
  2920 | D:3      | Reached XP level 5. HP: 31/32 MP: 5/5
  2987 | D:3      | Noticed Grinder
  2993 | D:3      | Paralysed by Grinder for 4 turns
  3001 | D:3      | Paralysed by something for 2 turns
  3008 | D:3      | Paralysed by something for 3 turns
  3016 | D:3      | Killed from afar by Grinder

Illustrated notes

Levels and vault maps discovered:
D:1:      minmay_arrival_radiant_lines, layout_loops_corners,
          minmay_misc_feat_chi, dk_noncrumbling_3, dreamdust_mushroom_princess,
          st_stairs_10
D:2:      minmay_chambers_of_ones, layout_basic,
          hellmonk_ecumenical_altar_crossroads, uniq_jessica
D:3:      minmay_razor_zed, layout_loops_corners,
          mainiacjoe_overflow_cross_hatched, grunt_temple_overflow_open,
          serial_shops, nicolae_shop_temple_entry_statues_fountains,
          uniq_grinder

Skill      XL: |  1  2  3  4 |
---------------+-------------+-----
Stealth        | 2 3 |  3.0
Dodging        | 3 |  3.2
Fighting       | 3 |  3.0
Ranged Weapons | 6 |  6.7

Action                     |  1- 3 |  4- 6 || total
---------------------------+-------+-------++-------
  Melee: Whip              |       |    21 ||    21
   Fire: Shortbow          |    49 |    42 ||    91
 Armour: Leather armour    |     1 |     4 ||     5
  Dodge: Dodged            |     9 |    16 ||    25

Table legend: (Time is in decaauts)
 A = Elapsed time spent in this place.
 B = Non-inter-level travel time spent in this place.
 C = Inter-level travel time spent in this place.
 D = Time resting spent in this place.
 E = Time spent auto-exploring this place.
 F = Levels seen in this place.
 G = Mean time per level.
                   A        B        C        D        E       F      G
               +--------+--------+--------+--------+--------+-----+--------+
         Total |   3036 |   2965 |     71 |      2 |   2654 |   3 | 1012.0 |
       Dungeon |   3036 |   2965 |     71 |      2 |   2654 |   3 | 1012.0 |
               +--------+--------+--------+--------+--------+-----+--------+

Top non-repeatable levels by time:
     D:2: 1221 daAuts
     D:1: 982 daAuts
     D:3: 833 daAuts
